details: 'hands down some of the worst players'

« prev index next »

General information

Mini Map

Players

team 1
HumanIAmADarkKnight (green | 43 APM | 1909 actions | 44:00)
Hero icon 11 Archmage
Ability icon 3 Summon Water Elemental
Ability icon 3 Brilliance Aura
Ability icon 3 Mass Teleport
Ability icon 2 Blizzard

» actions
Assign group hotkey34
Basic commands138
Build / train94
Enter build submenu32
Enter hero's abilities submenu10
Give item / drop item15
Remove unit from queue1
Right click857
Select / deselect393
Select group hotkey202
Use ability133
1909 total
» units
Peasant17
Footman4
Gryphon Rider9
30 total
» upgrades
Lumber Harvesting2
Masonry3
Swords3
Armor3
Animal War Training1
Storm Hammers1
Cloud1
14 total
» buildings
Altar of Kings1
Barracks1
Farm5
Keep2
Town Hall2
Lumber Mill2
Arcane Vault2
Scout Tower17
Guard Tower9
Castle1
Gryphon Aviary2
Blacksmith2
46 total
» build order
00:50 Altar of Kings
00:52 Barracks
00:54 Farm
01:05 Farm
01:06 Farm
03:43 Keep
04:22 Town Hall
04:37 Lumber Mill
04:48 Arcane Vault
04:51 Farm
05:20 Scout Tower
05:22 Scout Tower
05:23 Scout Tower
06:07 Guard Tower
06:58 Castle
08:40 Gryphon Aviary
08:41 Gryphon Aviary
08:49 Blacksmith
08:50 Blacksmith
10:04 Arcane Vault
10:30 Farm
12:33 Scout Tower
12:33 Scout Tower
12:34 Scout Tower
12:34 Scout Tower
14:47 Town Hall
14:51 Scout Tower
14:52 Scout Tower
14:52 Scout Tower
14:52 Scout Tower
14:53 Scout Tower
14:54 Scout Tower
14:54 Scout Tower
14:55 Scout Tower
14:55 Scout Tower
14:57 Scout Tower
16:42 Guard Tower
16:45 Guard Tower
17:02 Guard Tower
17:51 Lumber Mill
17:59 Guard Tower
18:56 Guard Tower
19:07 Guard Tower
19:22 Guard Tower
20:36 Guard Tower
» items
Scroll of Regeneration2
Periapt of Vitality3
Boots of Speed1
Tome of Retraining2
8 total
UndeadNosChairs (yellow | 84 APM | 3784 actions | 44:48)
Hero icon 8 Death Knight
Ability icon 3 Death Coil
Ability icon 3 Unholy Aura
Ability icon 1 Animate Dead
Ability icon 1 Death Pact
Hero icon 8 Lich
Ability icon 3 Frost Nova
Ability icon 3 Frost Armor
Ability icon 1 Death and Decay
Ability icon 1 Dark Ritual

» actions
Assign group hotkey156
Basic commands197
Build / train139
ESC pressed12
Enter build submenu28
Enter hero's abilities submenu16
Give item / drop item12
Right click1669
Select / deselect497
Select group hotkey674
Use ability384
3784 total
» units
Acolyte27
Ghoul3
Crypt Fiend12
42 total
» upgrades
Creature Attack3
Creature Carapace3
Web1
Burrow1
Ghoul Frenzy1
Unholy Armor2
Unholy Strength2
Backpack1
14 total
» buildings
Graveyard1
Crypt1
Ziggurat12
Altar of Darkness2
Tomb of Relics1
Halls of the Dead3
Necropolis4
Black Citadel4
Nerubian Tower3
Spirit Tower14
Sacrificial Pit1
46 total
» build order
00:07 Graveyard
00:12 Crypt
00:38 Ziggurat
00:56 Altar of Darkness
00:58 Altar of Darkness
01:32 Tomb of Relics
02:12 Ziggurat
04:03 Ziggurat
05:40 Halls of the Dead
05:40 Halls of the Dead
06:09 Ziggurat
10:17 Necropolis
10:40 Black Citadel
10:40 Black Citadel
10:41 Black Citadel
11:59 Ziggurat
12:00 Ziggurat
12:06 Ziggurat
12:10 Ziggurat
12:21 Nerubian Tower
12:22 Spirit Tower
13:04 Nerubian Tower
13:05 Nerubian Tower
13:05 Spirit Tower
13:06 Spirit Tower
14:21 Necropolis
16:13 Ziggurat
16:14 Ziggurat
16:16 Ziggurat
16:17 Ziggurat
18:20 Spirit Tower
18:21 Spirit Tower
18:21 Spirit Tower
18:21 Spirit Tower
18:22 Spirit Tower
18:22 Spirit Tower
18:22 Spirit Tower
23:02 Sacrificial Pit
35:37 Necropolis
35:42 Necropolis
» items
Rod of Necromancy1
Boots of Speed1
Staff of Teleportation1
Scroll of Town Portal2
Orb of Corruption1
Scroll of Healing1
7 total
NightElfazer0thfulltard (purple | 34 APM | 1508 actions | 44:48)
Hero icon 5 Demon Hunter
Ability icon 2 Mana Burn
Ability icon 3 Immolation

» actions
Assign group hotkey36
Basic commands10
Build / train109
ESC pressed2
Enter build submenu17
Enter hero's abilities submenu6
Right click901
Select / deselect242
Select group hotkey108
Use ability76
1508 total
» units
Wisp31
Archer29
Druid of the Talon24
84 total
» upgrades
Nature's Blessing1
Improved Bows1
Strength of the Moon2
Moon Armor2
Druid of the Talon Training1
7 total
» buildings
Altar of Elders2
Moon Well7
Ancient of War3
Tree of Ages1
Hunter's Hall1
Ancient of Wind1
Tree of Life2
17 total
» build order
00:24 Altar of Elders
00:25 Moon Well
00:30 Altar of Elders
00:50 Moon Well
02:06 Ancient of War
02:13 Ancient of War
02:32 Moon Well
02:46 Moon Well
03:33 Ancient of War
03:45 Moon Well
06:52 Tree of Ages
07:54 Hunter's Hall
09:28 Ancient of Wind
09:43 Moon Well
11:37 Moon Well
19:28 Tree of Life
26:07 Tree of Life
» items
Boots of Speed1
Scroll of Town Portal1
2 total
HumanThequestionmark (red | 3 APM | 87 actions | 28:35)

» actions
Basic commands3
Enter build submenu2
Right click12
Select / deselect66
Use ability4
87 total
» buildings
Farm1
1 total
» build order
03:03 Farm
team 2
HumanJRPGS-PWN-WRPGS (teal | 49 APM | 2175 actions | 44:46)
Hero icon 8 Archmage
Ability icon 3 Blizzard
Ability icon 3 Brilliance Aura
Ability icon 1 Mass Teleport
Ability icon 1 Summon Water Elemental
Hero icon 1 Mountain King
Ability icon 1 Storm Bolt
Hero icon 1 Pandaren Brewmaster
Ability icon 1 Breath of Fire

» actions
Assign group hotkey77
Basic commands38
Build / train102
Enter build submenu27
Enter hero's abilities submenu10
Give item / drop item4
Right click701
Select / deselect375
Select group hotkey701
Use ability140
2175 total
» units
Peasant20
Gryphon Rider10
Sorceress7
Ogre Mauler1
38 total
» upgrades
Masonry3
Swords3
Lumber Harvesting2
Animal War Training1
Storm Hammers1
Armor3
Cloud1
Sorceress Training2
16 total
» buildings
Altar of Kings1
Farm11
Scout Tower11
Lumber Mill1
Arcane Tower2
Guard Tower7
Keep6
Arcane Vault1
Blacksmith1
Barracks1
Castle1
Gryphon Aviary4
Town Hall2
Arcane Sanctum1
50 total
» build order
00:13 Altar of Kings
00:23 Farm
00:55 Farm
01:08 Scout Tower
01:11 Scout Tower
01:24 Lumber Mill
01:44 Arcane Tower
01:51 Farm
02:21 Farm
02:23 Arcane Tower
02:31 Guard Tower
03:07 Keep
03:07 Keep
03:07 Keep
03:18 Arcane Vault
03:54 Blacksmith
04:09 Barracks
04:29 Farm
05:02 Scout Tower
05:03 Scout Tower
05:04 Scout Tower
05:30 Castle
05:36 Guard Tower
06:04 Guard Tower
06:07 Gryphon Aviary
06:10 Gryphon Aviary
07:55 Gryphon Aviary
08:30 Gryphon Aviary
08:34 Farm
08:38 Farm
08:38 Farm
10:36 Town Hall
10:38 Scout Tower
10:39 Scout Tower
11:15 Guard Tower
12:22 Scout Tower
12:23 Scout Tower
12:23 Scout Tower
12:24 Scout Tower
12:39 Farm
12:39 Farm
12:39 Farm
12:52 Guard Tower
12:52 Guard Tower
18:42 Town Hall
18:54 Arcane Sanctum
» items
Staff of Teleportation2
Scroll of Regeneration4
Potion of Healing5
Staff of Sanctuary1
Scroll of Town Portal2
Mechanical Critter2
Potion of Lesser Invulnerability1
Boots of Speed1
18 total
Random» Undeadschaarkbait (pink | 15 APM | 678 actions | 44:48)
Hero icon 4 Crypt Lord
Ability icon 2 Carrion Beetles
Ability icon 2 Spiked Carapace
Hero icon 1 Warden
Ability icon 1 Shadow Strike

» actions
Build / train60
Enter build submenu15
Enter hero's abilities submenu5
Give item / drop item1
Right click294
Select / deselect262
Use ability41
678 total
» units
Acolyte3
Ghoul2
Crypt Fiend9
Gargoyle22
Forest Troll Shadow Priest1
37 total
» upgrades
Creature Attack2
Creature Carapace1
Web1
4 total
» buildings
Ziggurat6
Altar of Darkness1
Crypt2
Graveyard2
Nerubian Tower1
Tomb of Relics1
Spirit Tower4
Halls of the Dead1
18 total
» build order
00:13 Ziggurat
00:21 Altar of Darkness
01:01 Crypt
01:34 Graveyard
01:43 Nerubian Tower
01:47 Ziggurat
01:52 Tomb of Relics
03:31 Spirit Tower
03:39 Ziggurat
04:44 Spirit Tower
04:50 Halls of the Dead
05:43 Ziggurat
08:17 Spirit Tower
08:31 Crypt
10:17 Ziggurat
10:30 Ziggurat
14:50 Spirit Tower
18:20 Graveyard
» items
Rod of Necromancy1
Circlet of Nobility2
Scroll of Town Portal2
Potion of Healing1
Potion of Lesser Invulnerability1
7 total
NightElfHigh_Elf (orange | 43 APM | 605 actions | 13:58)
Hero icon 2 Warden
Ability icon 1 Shadow Strike
Ability icon 1 Blink

» actions
Build / train43
Enter build submenu10
Enter hero's abilities submenu2
Right click321
Select / deselect190
Use ability39
605 total
» units
Wisp12
Archer7
Huntress4
Druid of the Claw5
28 total
» upgrades
Strength of the Wild2
Reinforced Hides3
Druid of the Claw Training2
Mark of the Claw1
8 total
» buildings
Altar of Elders1
Moon Well4
Ancient of War1
Hunter's Hall1
Tree of Ages1
Ancient of Lore2
Ancient of Wonders1
Tree of Eternity1
12 total
» build order
00:14 Altar of Elders
00:19 Moon Well
00:32 Ancient of War
01:36 Moon Well
01:56 Moon Well
02:41 Hunter's Hall
03:29 Tree of Ages
04:10 Moon Well
05:56 Ancient of Lore
06:00 Ancient of Lore
06:11 Ancient of Wonders
07:38 Tree of Eternity
» items
Orb of Venom1
Moonstone1
2 total
Random» Undeadbreezynic (blue | 21 APM | 579 actions | 27:52)
Hero icon 2 Death Knight
Ability icon 1 Death Coil
Ability icon 1 Unholy Aura

» actions
Basic commands15
Build / train38
Enter build submenu37
Enter hero's abilities submenu2
Right click272
Select / deselect172
Use ability43
579 total
» units
Acolyte2
Ghoul7
Crypt Fiend7
16 total
» upgrades
Web1
Creature Attack1
Creature Carapace1
3 total
» buildings
Ziggurat32
Altar of Darkness1
Crypt2
Graveyard1
Nerubian Tower6
Spirit Tower9
Halls of the Dead1
52 total
» build order
02:27 Ziggurat
02:33 Altar of Darkness
02:54 Crypt
03:57 Ziggurat
04:56 Graveyard
05:16 Ziggurat
05:18 Nerubian Tower
06:21 Crypt
07:46 Ziggurat
08:50 Spirit Tower
09:02 Spirit Tower
09:17 Ziggurat
10:46 Ziggurat
11:30 Halls of the Dead
14:38 Ziggurat
15:04 Spirit Tower
16:28 Ziggurat
16:45 Ziggurat
16:50 Ziggurat
16:54 Ziggurat
17:01 Ziggurat
17:08 Ziggurat
17:57 Nerubian Tower
18:00 Nerubian Tower
18:02 Nerubian Tower
18:09 Spirit Tower
18:21 Ziggurat
18:33 Ziggurat
18:39 Ziggurat
18:44 Ziggurat
19:53 Nerubian Tower
19:56 Spirit Tower
20:11 Ziggurat
20:33 Ziggurat
21:11 Ziggurat
21:18 Nerubian Tower
21:54 Spirit Tower
22:31 Ziggurat
22:36 Spirit Tower
22:50 Ziggurat
22:56 Ziggurat
23:30 Ziggurat
23:36 Ziggurat
23:54 Ziggurat
25:00 Spirit Tower
25:11 Ziggurat
25:53 Ziggurat
25:55 Ziggurat
26:01 Ziggurat
26:07 Ziggurat
26:15 Spirit Tower
26:23 Ziggurat

Chat log

(00:03 / Allies) azer0thfulltard: leave
(00:09 / Allies) azer0thfulltard: i tk

(02:05 / Allies) IAmADarkKnight: I CALL IT
(02:07 / Allies) IAmADarkKnight: I CALL IT!
(02:16 / Allies) IAmADarkKnight: STOP IT OR I TK
(02:22 / Allies) NosChairs: You could expand middle easier than I could
(02:24 / Allies) azer0thfulltard: i already tk
(02:25 / Allies) NosChairs: I say I should get it
(02:34 / Allies) Thequestionmark: GET OUT
(02:43 / Allies) NosChairs: LOL he's back
(02:51 / All) IAmADarkKnight: FALL BACK TO THE RIVER
(02:57 / Allies) azer0thfulltard: omfg
(03:01 / Allies) azer0thfulltard: u kill my tree
(03:04 / Allies) IAmADarkKnight: he tk
(03:09 / Allies) azer0thfulltard: u fuck my ressource GG
(03:11 / All) NosChairs: PURPLE IS TK
(03:11 / Allies) Thequestionmark: tolf u to gtfo
(03:27 / Allies) azer0thfulltard: fucker u start afk and u make the pro i tk you
(03:39 / Allies) NosChairs: Make the pro?
(03:42 / All) Thequestionmark: well gg lol
(03:53 / Allies) IAmADarkKnight: Give your resources then leave
(03:56 / All) schaarkbait: we have afk
(04:00 / All) schaarkbait: 3v3
(04:10 / All) NosChairs: Well we have a tking civil war
(04:11 / All) azer0thfulltard: u lie
(04:13 / All) azer0thfulltard: i maphack
(04:27 / All) Thequestionmark: green is greedy...
(04:31 / All) Thequestionmark: kill his expo
(04:31 / All) schaarkbait: then you'd know blue is afk noob
(04:32 / Allies) IAmADarkKnight: Give resources then leave
(04:36 / All) Thequestionmark: very bottom
(04:41 / Allies) azer0thfulltard: fuck you RED hahaha
(04:56 / All) Thequestionmark: to the right of yelllow
(04:59 / Allies) IAmADarkKnight: give resources then gtfo
(05:12 / All) Thequestionmark: lmao RRRRRRRRRRRRRAAAAAAAAAAAAAAAAAAAAAGGGGGGGGGGGGGGGEEEEEEEEEE
(05:23 / All) Thequestionmark: NO U TOOK MY GOLD MINE TO FUCK OFF
(05:25 / All) Thequestionmark: LMAO
(05:28 / Allies) IAmADarkKnight: lumber
(06:07 / All) Thequestionmark: u know u can hero rush green... worst build i've ever seen
(07:01 / All) Thequestionmark: purple is near blue watch out
(07:15 / All) schaarkbait: blue afk
(07:25 / All) Thequestionmark: ya go kill him green
(07:33 / All) azer0thfulltard: lol he said where we are but stay
(07:35 / All) azer0thfulltard: xd
(08:09 / All) Thequestionmark: hes gonna mass knights (green) so just mass air and its gg
(09:02 / All) Thequestionmark: wow i could of had an army by now
(09:12 / All) Thequestionmark: green... ill tk you if ur in next game ok??
(09:12 / Allies) IAmADarkKnight: Stfu tk
(09:16 / All) Thequestionmark: sound good?
(09:23 / Allies) IAmADarkKnight: Sounds wonderful
(09:28 / All) Thequestionmark: :D
(09:32 / Allies) IAmADarkKnight: As if you could catch a dark knight
(09:38 / All) Thequestionmark: lol
(10:01 / All) Thequestionmark: lmao u ppl aint got shit...
(10:07 / All) Thequestionmark: we lost this
(10:35 / All) Thequestionmark: kill green
(10:40 / All) Thequestionmark: purple
(10:43 / Allies) IAmADarkKnight: I wasn't trying to get that btw
(10:49 / Allies) IAmADarkKnight: I was attack moving
(11:02 / All) Thequestionmark: lmao 3 little footies... ur a joke green
(11:09 / Allies) azer0thfulltard: u want to steal items ?
(11:11 / Allies) IAmADarkKnight: I got 5 footies yo ublind?
(11:19 / All) Thequestionmark: ya 2 fake ones lmao
(11:23 / Allies) IAmADarkKnight: I wasa moving
(11:35 / Allies) NosChairs: May need help at my expo soon
(11:42 / All) Thequestionmark: dude use ur fucking micro idiot
(12:07 / All) Thequestionmark: no kill green blue
(12:17 / All) Thequestionmark: go down one more
(13:07 / All) Thequestionmark: really pink?
(13:15 / All) Thequestionmark: u can own those griffs
(13:33 / All) Thequestionmark: no web??
(13:34 / All) IAmADarkKnight: nice web
(13:51 / All) IAmADarkKnight: nice blink
(14:06 / All) IAmADarkKnight: low elf lol get it?
(14:12 / All) Thequestionmark: lol
(14:27 / All) Thequestionmark: owned by 6 griffs... thats sad
(14:36 / All) IAmADarkKnight: I only have 5
(14:42 / All) Thequestionmark: miss count sorry
(15:41 / All) Thequestionmark: now u see green i coulda helped u guys but instead you wanted to be greedy
(15:52 / All) JRPGS-PWN-WRPGS: DID U GUys have a tker?
(16:04 / All) azer0thfulltard: its red
(16:18 / All) Thequestionmark: purple built in my base... i killed his tree and then red got greedy and killed me...
(16:21 / All) IAmADarkKnight: oh
(16:22 / All) IAmADarkKnight: lol
(16:25 / All) IAmADarkKnight: |I thought that was allied base
(16:47 / Allies) IAmADarkKnight: lumber
(17:20 / All) Thequestionmark: teal go south
(17:31 / All) IAmADarkKnight: don't listen
(18:01 / All) IAmADarkKnight: this map sucks for wood
(18:13 / All) Thequestionmark: no u just dont know how to harvest it
(18:30 / All) IAmADarkKnight: no shreddar = sucks for wood, noobie
(18:34 / All) JRPGS-PWN-WRPGS: pendant at top left gob shop
(18:44 / All) NosChairs: I'll take it, I'm UD
(18:53 / All) Thequestionmark: & ur building griffs... they take a lot of wood... nooblet
(19:18 / All) JRPGS-PWN-WRPGS: u indeed hack purp
(19:23 / All) azer0thfulltard: lol
(19:27 / All) Thequestionmark: 6 workers on trees...
(20:06 / All) Thequestionmark: kill his pig
(20:07 / All) NosChairs: Is pink even playing the game? He's so bad
(20:16 / All) JRPGS-PWN-WRPGS: i m ignoring him
(20:19 / All) Thequestionmark: purple pig kill it
(20:19 / All) JRPGS-PWN-WRPGS: both as a wc3 player
(20:23 / All) JRPGS-PWN-WRPGS: and a competent human being
(20:38 / All) Thequestionmark: rofl
(20:39 / All) Thequestionmark: idiot
(20:46 / All) Thequestionmark: told u to fucking kill it
(21:01 / All) Thequestionmark: what morons on this team
(21:20 / All) NosChairs: I killed his hero since he's a dumbass
(21:30 / All) JRPGS-PWN-WRPGS: ill let u live purp
(21:56 / All) Thequestionmark: lmao
(21:57 / All) JRPGS-PWN-WRPGS: say that in all cha tblue
(22:14 / All) NosChairs: Purple is tk
(22:30 / All) Thequestionmark: all u guys are
(22:35 / All) JRPGS-PWN-WRPGS: douches
(22:41 / Allies) IAmADarkKnight: Die tk
(22:43 / All) NosChairs: Players like purple ruin the game
(22:55 / All) Thequestionmark: i cant wait for X.box one....
(23:01 / All) JRPGS-PWN-WRPGS: lol
(23:05 / All) JRPGS-PWN-WRPGS: for what? to spy on u
(23:16 / All) breezynic: its lame how people hack on an old game smh
(23:30 / All) NosChairs: Who's hacking

(24:31 / All) JRPGS-PWN-WRPGS: fuck i suck
(24:32 / All) JRPGS-PWN-WRPGS: ass
(24:38 / All) JRPGS-PWN-WRPGS: ITS NOT ATTACKING WTF
(25:16 / All) NosChairs: DEATH AND DECAY!
(25:55 / All) NosChairs: Brilliance aura good work

(27:58 / All) IAmADarkKnight: lol
(28:53 / All) NosChairs: Do I have the AM surrounded?
(29:00 / All) JRPGS-PWN-WRPGS: aye
(29:17 / All) JRPGS-PWN-WRPGS: still

(31:24 / All) IAmADarkKnight: pink best player ever

(32:58 / Allies) NosChairs: NO
(32:59 / Allies) NosChairs: LET IT SPAWN
(33:00 / Allies) NosChairs: STOP
(33:02 / Allies) NosChairs: STOP
(33:18 / All) NosChairs: lol
(33:32 / All) JRPGS-PWN-WRPGS: its the thought that counts

(35:23 / All) NosChairs: 750 mana lich
(35:29 / All) NosChairs: perfectly balanced

(36:38 / All) NosChairs: Pink is hands down the worst undead player I have ever seen
(36:42 / All) NosChairs: surprised he's 142-161
(36:44 / All) IAmADarkKnight: lol
(36:45 / All) IAmADarkKnight: no web
(36:59 / All) IAmADarkKnight: pink and orange owned by 5 griffs because no web
(37:16 / All) IAmADarkKnight: I've lost a game before beacuse an ally didn't get web on slalom
(37:25 / All) IAmADarkKnight: I couldn't figure out why we were losing the big battles
(37:30 / All) IAmADarkKnight: at first
(37:52 / All) IAmADarkKnight: oh because my ally's mass fiends were worthless and fucked us over
(37:57 / All) NosChairs: Pandas are an endangered species for a reason
(37:59 / All) NosChairs: WTF IT GOT OUT
(38:08 / All) JRPGS-PWN-WRPGS: bad mojo

(39:25 / All) JRPGS-PWN-WRPGS: run ioroncliff

(40:30 / All) NosChairs: I love how easy it is to clean up with undead
(40:38 / All) JRPGS-PWN-WRPGS: tru dat
(41:02 / All) IAmADarkKnight: Stop profaning the ritual circle
(41:51 / All) IAmADarkKnight: STOP PROFANING THE RITUAL CIRCLE
(42:00 / All) NosChairs: 0 food

(43:02 / Allies) NosChairs: Give red all our resources
(43:06 / Allies) NosChairs: let's see what they add up to
(43:43 / Allies) IAmADarkKnight: 70k 10k lumber
(43:47 / Allies) NosChairs: Nice
(43:50 / All) NosChairs: Good luck everyone
(43:53 / All) NosChairs: LET IT BEGIN, LET IT BEGIN!
(44:10 / All) NosChairs: waiting til you're 0 food for replay purposes
(44:21 / All) JRPGS-PWN-WRPGS: comingggg